 Dungeon Crawl Stone Soup version 0.30-a0-591-g3c58d2bc28 (webtiles) character file.

Game seed: 2428518549468814725

11 gelatine the Firebug (level 2, -1/19 HPs)
             Began as a Demonspawn Fire Elementalist on Jan 5, 2023.
             Slain by a goblin
             ... wielding a +0 whip
              (5 damage)
             ... on level 2 of the Dungeon.
             The game lasted 00:01:53 (1040 turns).

gelatine the Firebug (Demonspawn Fire Elementalist) Turns: 1040, Time: 00:01:54

Health: -1/19      AC:  3    Str:  8    XL:     2   Next: 13%
Magic:  3/5        EV: 12    Int: 16    God:
Gold:   87         SH:  0    Dex: 13    Spells: 4/5 levels left

rFire   . . .      SeeInvis .    e - +2 whip (vamp)
rCold   . . .      Faith    .    (no shield)
rNeg    . . .      Spirit   .    a - +0 robe
rPois   .          Reflect  .    (no helmet)
rElec   .          Harm     .    m - +0 cloak
rCorr   .          Rampage  .    (no gloves)
Will    .....                    (no boots)
Stlth   ++                       c - amulet of regeneration
HPRegen 1.03/turn                (no ring)
MPRegen 0.09/turn                (no ring)

@: lethally poisoned (-1 -> -3)
A: demonic touch 1
a: no special abilities


You were on level 2 of the Dungeon.
You visited 1 branch of the dungeon, and saw 2 of its levels.

You collected 87 gold pieces.

Inventory:

Hand Weapons
 e - a +2 vampiric whip (weapon)
Missiles
 f - 3 poisoned darts
Armour
 a - a +0 robe (worn)
 m - a +0 cloak (worn)
Jewellery
 c - an amulet of regeneration (around neck)
Scrolls
 g - a scroll of magic mapping {unknown}
 i - a scroll of teleportation {unknown}
 k - a scroll of enchant weapon {unknown}
 o - a scroll of amnesia {unknown}
Potions
 b - a potion of magic
 d - a potion of lignification {unknown}
 h - 2 potions of curing {unknown}
 j - a potion of cancellation {unknown}
 l - 2 potions of heal wounds {unknown}
 n - a potion of degeneration {unknown}


   Skills:
 + Level 2.0 Dodging
 + Level 1.9 Stealth
 + Level 2.0 Spellcasting
 + Level 1.2 Conjurations
 + Level 3.0 Fire Magic


You had 4 spell levels left.
You knew the following spells:

 Your Spells              Type           Power      Damage    Failure   Level
a - Foxfire               Conj/Fire      32%        2x1d5     9%          1

Your spell library contained the following spells:

 Spells                   Type           Power      Damage    Failure   Level
 Scorch                   Fire           22%        2d6       9%          2
 Sandblast                Erth           2%         2d4       21%         1
 Passwall                 Tmut/Erth      0%         N/A       30%         2
 Inner Flame              Hex/Fire       6%         N/A       32%         3
 Kindle Blastsparks       Fire/Tloc/Air  8%         2d10      38%         3
 Stone Arrow              Conj/Erth      6%         3d7       43%         3
 Flame Wave               Conj/Fire      8%         2d5       65%         4


Dungeon Overview and Level Annotations

Branches:
Dungeon (2/15)

Altars:


Innate Abilities, Weirdness & Mutations

Your touch may inflict minor irresistible damage on your foes.


Message History

The goblin shouts!
A quokka comes into view.
The foxfire hits the goblin.
The goblin is moderately wounded.
The goblin throws a poisoned dart.
The poisoned dart hits you!
You are poisoned.
You see here 3 stones.
You miscast Foxfire.
You are very lightly contaminated with residual magic.
Nothing appears to happen.
You feel sick.
Your foxfire dissipates!
The goblin drinks a potion.
The goblin flickers and vanishes!
Deactivating autopickup; reactivate with Ctrl-A.
You conjure some foxfire!
You feel sick.
You feel sick.
The foxfire hits the quokka.
The quokka is heavily wounded.
The foxfire hits the quokka.
You kill the quokka!
Your Fire Magic skill increases to level 3!
Unknown command.
You feel sick.
You feel sick.
A poisoned dart appears from out of thin air!
The poisoned dart hits you!
You are more poisoned.
You feel very sick.
A poisoned dart appears from out of thin air!
The poisoned dart hits you!
You are more poisoned.
You feel very sick.
Your magical contamination has completely faded away.
There is a strange disturbance nearby!
You feel very sick. Something hits you.
You see here 3 stones.
You miss something.
* * * LOW HITPOINT WARNING * * *
You feel very sick. Something hits you.
You die...

... #######...
.########.......#
.......{@.......#
##...###........+
#. #.[......#
##....(..#
#(.......##
###<.#....#
##.#....##
#......<#
###.#####


There were no monsters in sight!

Vanquished Creatures
  3 goblins (D:1)
  2 hobgoblins
  A quokka (D:2)
  A bat (D:1)
  A kobold (D:1)
  2 rats
10 creatures vanquished.

Vanquished Creatures (others)
  36 foxfires
36 creatures vanquished.

Grand Total: 46 creatures vanquished

Notes
Turn   | Place    | Note
-------+----------+-------------------------------------------
     0 | D:1      | gelatine the Demonspawn Fire Elementalist began the quest
                  | for the Orb.
     0 | D:1      | Reached XP level 1. HP: 13/13 MP: 3/3
   583 | D:1      | Found a faded altar of an unknown god.
   951 | D:2      | Gained mutation: Your touch may inflict minor irresistible
                  | damage on your foes. [demonic ancestry]
   951 | D:2      | Reached XP level 2. HP: 19/19 MP: 1/5
  1035 | D:2      | Reached skill level 3 in Fire Magic
  1040 | D:2      | Slain by a goblin

Illustrated notes

Levels and vault maps discovered:
D:1:      dpeg_arrival_solitude, layout_loops_ring,
          ebering_ecumenical_altar_abandoned
D:2:      layout_basic, serial_shops, shop

Skill      XL: |  1  2 |
---------------+-------+-----
Dodging        | 2 |  2.0
Fire Magic     | 3 |  3.0
Stealth        | |  1.9
Spellcasting   | |  2.0
Conjurations   | |  1.2

Action                   || total
-------------------------++-------
Melee: Unarmed           ||    15
       Whip              ||     2
 Cast: Foxfire           ||    20
Armor: Robe              ||     1
Dodge: Dodged            ||    11

Table legend: (Time is in decaauts)
 A = Elapsed time spent in this place.
 B = Non-inter-level travel time spent in this place.
 C = Inter-level travel time spent in this place.
 D = Time resting spent in this place.
 E = Time spent auto-exploring this place.
 F = Levels seen in this place.
 G = Mean time per level.
                   A        B        C        D        E       F      G
               +--------+--------+--------+--------+--------+-----+--------+
         Total |   1039 |   1007 |     32 |      0 |    892 |   2 |  519.5 |
       Dungeon |   1039 |   1007 |     32 |      0 |    892 |   2 |  519.5 |
               +--------+--------+--------+--------+--------+-----+--------+

Top non-repeatable levels by time:
     D:1: 946 daAuts
     D:2: 92 daAuts
